TOP OF THE 1ST |
Houston Colt .45's batting - Pitching for Calgary Flames : LHP Tony Duque
|
Pitching: LHP Tony Duque
|
|
Batting: LHB Bert Middleton
|
0-0: Called Strike 0-1: Called Strike 0-2: Ball 1-2: Ball 2-2: Ball 3-2: Foul Ball, location: 2F 3-2: Foul Ball, location: 2F 3-2: Base on Balls
|
Batting: RHB To-wai Chen
|
0-0: Called Strike 0-1: 2-RUN HOME RUN (Flyball, 7LD, EV 101.9 MPH), Distance : 383 ft
|
Batting: RHB Josh Reisner
|
0-0: Called Strike 0-1: Ball 1-1: SINGLE (Flyball, 9LS, EV 95.6 MPH)
|
Batting: RHB Tim Williams
|
0-0: Ball 1-0: Swinging Strike 1-1: Called Strike 1-2: Ball 2-2: Fly out, F7 (Flyball, 7S, EV 80.6 MPH)
|
Batting: RHB Jamie Walker
|
0-0: Swinging Strike 0-1: Called Strike 0-2: Ball 1-2: Hit by Pitch Josh Reisner to second
|
Batting: RHB Fernando Acosta
|
0-0: Ball 1-0: Foul Ball, location: 2F 1-1: Fielders Choice at 2nd, 6-4 (Groundball, 6, EV 85.6 MPH) Josh Reisner to third
|
Batting: LHB Bob Neale
|
0-0: Ball 1-0: Ball 2-0: Called Strike 2-1: Foul Ball, location: 2F 2-2: Fly out, F8 (Flyball, 8LM, EV 84.4 MPH)
|
Top of the 1st over - 2 runs, 2 hits, 0 errors, 2 left on base; Houston 2 - Calgary 0 |
BOTTOM OF THE 1ST |
Calgary Flames batting - Pitching for Houston Colt .45's : LHP Manny Gonzales
|
Pitching: LHP Manny Gonzales
|
|
Batting: LHB Garrett Dodge
|
0-0: Ball 1-0: Ground out 4-3 (Groundball, 4M, EV 98.1 MPH)
|
Batting: RHB Andre Thompson
|
0-0: Foul Ball, location: 2F 0-1: Fly out, F8 (Flyball, 8RD, EV 91.9 MPH)
|
Batting: RHB Norinaga Yamakawakamatsu
|
0-0: Ball 1-0: Ball 2-0: Ball 3-0: Called Strike 3-1: Foul Ball, location: 2F 3-2: Foul Ball, location: 2F 3-2: Strikes out looking
|
Bottom of the 1st over - 0 runs, 0 hits, 0 errors, 0 left on base; Houston 2 - Calgary 0 |
TOP OF THE 2ND |
Houston Colt .45's batting - Pitching for Calgary Flames : LHP Tony Duque
|
Batting: LHB Casper Significant
|
0-0: Ground out U3 (Groundball, 34, EV 102.5 MPH)
|
Batting: RHB Kenny Beall
|
0-0: Called Strike 0-1: Ball 1-1: Called Strike 1-2: Ball 2-2: Foul Ball, location: 2F 2-2: Ball 3-2: Strikes out swinging
|
Batting: LHB Bert Middleton
|
0-0: Ball 1-0: Called Strike 1-1: Ball 2-1: Swinging Strike 2-2: Foul Ball, location: 2F 2-2: Foul Ball, location: 2F 2-2: Strikes out swinging
|
Top of the 2nd over - 0 runs, 0 hits, 0 errors, 0 left on base; Houston 2 - Calgary 0 |
BOTTOM OF THE 2ND |
Calgary Flames batting - Pitching for Houston Colt .45's : LHP Manny Gonzales
|
Batting: RHB Alejandro Patron
|
0-0: Ball 1-0: SOLO HOME RUN (Flyball, 7D, EV 99.4 MPH), Distance : 398 ft
|
Batting: RHB Willie Torres
|
0-0: Ball 1-0: Ball 2-0: Ball 3-0: Called Strike 3-1: Base on Balls
|
Batting: LHB Gary Corrales
|
0-0: Ball 1-0: Ball 2-0: Ball 3-0: Called Strike 3-1: Called Strike 3-2: Strikes out looking Willie Torres steals 2nd base Batter strikes out.
|
Batting: RHB Chad Stady
|
0-0: Ball 1-0: Ground out 2-3 (Groundball, 2R, EV 65.6 MPH) Willie Torres to third
|
Batting: RHB Antonio Martinez
|
0-0: Ball 1-0: Ball 2-0: Ground out 4-3 (Groundball, 4, EV 89.4 MPH)
|
Bottom of the 2nd over - 1 run, 1 hit, 0 errors, 1 left on base; Houston 2 - Calgary 1 |
TOP OF THE 3RD |
Houston Colt .45's batting - Pitching for Calgary Flames : LHP Tony Duque
|
Batting: RHB To-wai Chen
|
0-0: Called Strike 0-1: Ball 1-1: Foul Ball, location: 2F 1-2: Strikes out swinging
|
Batting: RHB Josh Reisner
|
0-0: Foul Ball, location: 2F 0-1: SINGLE (Flyball, 8RS, EV 95.0 MPH)
|
Batting: RHB Tim Williams
|
0-0: Called Strike 0-1: Foul Ball, location: 2F 0-2: Fly out, F6 (Popup, 6MS, EV 86.9 MPH)
|
Batting: RHB Jamie Walker
|
0-0: Fly out, F9 (Flyball, 9LD, EV 90.0 MPH)
|
Top of the 3rd over - 0 runs, 1 hit, 0 errors, 1 left on base; Houston 2 - Calgary 1 |
BOTTOM OF THE 3RD |
Calgary Flames batting - Pitching for Houston Colt .45's : LHP Manny Gonzales
|
Batting: RHB Pablo Henriquez
|
0-0: Swinging Strike 0-1: Ball 1-1: Swinging Strike 1-2: Strikes out swinging
|
Batting: LHB Garrett Dodge
|
0-0: Ball 1-0: Called Strike 1-1: Swinging Strike 1-2: Ball 2-2: Strikes out swinging
|
Batting: RHB Andre Thompson
|
0-0: Ball 1-0: Swinging Strike 1-1: Fly out, F7 (Flyball, 78D, EV 88.1 MPH)
|
Bottom of the 3rd over - 0 runs, 0 hits, 0 errors, 0 left on base; Houston 2 - Calgary 1 |
TOP OF THE 4TH |
Houston Colt .45's batting - Pitching for Calgary Flames : LHP Tony Duque
|
Batting: RHB Fernando Acosta
|
0-0: Foul Ball, location: 2F 0-1: Foul Ball, location: 2F 0-2: Ground out 5-3 (Groundball, 56, EV 88.8 MPH)
|
Batting: LHB Bob Neale
|
0-0: Called Strike 0-1: Ball 1-1: Ball 2-1: Swinging Strike 2-2: Strikes out swinging
|
Batting: LHB Casper Significant
|
0-0: Ball 1-0: Fly out, F4 (Popup, 3D, EV 49.4 MPH)
|
Top of the 4th over - 0 runs, 0 hits, 0 errors, 0 left on base; Houston 2 - Calgary 1 |
BOTTOM OF THE 4TH |
Calgary Flames batting - Pitching for Houston Colt .45's : LHP Manny Gonzales
|
Batting: RHB Norinaga Yamakawakamatsu
|
0-0: Ball 1-0: Ball 2-0: Fly out, F8 (Flyball, 89M, EV 85.6 MPH)
|
Batting: RHB Alejandro Patron
|
0-0: Ball 1-0: Ground out 5-3 (Groundball, 56, EV 94.4 MPH)
|
Batting: RHB Willie Torres
|
0-0: Called Strike 0-1: Ground out 5-3 (Groundball, 56S, EV 86.2 MPH)
|
Bottom of the 4th over - 0 runs, 0 hits, 0 errors, 0 left on base; Houston 2 - Calgary 1 |
TOP OF THE 5TH |
Houston Colt .45's batting - Pitching for Calgary Flames : LHP Tony Duque
|
Batting: RHB Kenny Beall
|
0-0: Called Strike 0-1: Ball 1-1: SINGLE (Groundball, 56D, EV 95.0 MPH)
|
Batting: LHB Bert Middleton
|
0-0: Ball 1-0: Foul Ball, location: 2F 1-1: Ball 2-1: Foul Ball, location: 2F 2-2: Foul Ball, location: 2F 2-2: Grounds into double play, 1-6-3 (Groundball, 23, EV 66.2 MPH)
|
Batting: RHB To-wai Chen
|
0-0: Called Strike 0-1: Ball 1-1: Foul Ball, location: 2F 1-2: Ball 2-2: Ground out 6-3 (Groundball, 6, EV 80.6 MPH)
|
Top of the 5th over - 0 runs, 1 hit, 0 errors, 0 left on base; Houston 2 - Calgary 1 |
BOTTOM OF THE 5TH |
Calgary Flames batting - Pitching for Houston Colt .45's : LHP Manny Gonzales
|
Batting: LHB Gary Corrales
|
0-0: Ball 1-0: Called Strike 1-1: Ball 2-1: Foul Ball, location: 2F 2-2: Foul Ball, location: 2F 2-2: Ball 3-2: Ground out U3 (Groundball, 3, EV 100.0 MPH)
|
Batting: RHB Chad Stady
|
0-0: Ball 1-0: Called Strike 1-1: Fly out, F2 (Popup, 2L, EV 98.1 MPH)
|
Batting: RHB Antonio Martinez
|
0-0: Called Strike 0-1: Foul Ball, location: 2F 0-2: Ball 1-2: Ball 2-2: Strikes out swinging
|
Bottom of the 5th over - 0 runs, 0 hits, 0 errors, 0 left on base; Houston 2 - Calgary 1 |
TOP OF THE 6TH |
Houston Colt .45's batting - Pitching for Calgary Flames : LHP Tony Duque
|
Batting: RHB Josh Reisner
|
0-0: Swinging Strike 0-1: Ball 1-1: Called Strike 1-2: Strikes out swinging
|
Pitching: RHP Bruce Boivin
|
|
Batting: RHB Tim Williams
|
0-0: Called Strike 0-1: Fly out, F9 (Flyball, 9S, EV 95.0 MPH)
|
Batting: RHB Jamie Walker
|
0-0: Called Strike 0-1: Swinging Strike 0-2: Strikes out looking
|
Top of the 6th over - 0 runs, 0 hits, 0 errors, 0 left on base; Houston 2 - Calgary 1 |
BOTTOM OF THE 6TH |
Calgary Flames batting - Pitching for Houston Colt .45's : LHP Manny Gonzales
|
Batting: RHB Pablo Henriquez
|
0-0: Ball 1-0: Ball 2-0: Ground out 1-3 (Groundball, 15, EV 70.0 MPH)
|
Batting: LHB Garrett Dodge
|
0-0: Ball 1-0: Called Strike 1-1: Called Strike 1-2: Strikes out swinging
|
Batting: RHB Andre Thompson
|
0-0: Ball 1-0: Ball 2-0: Reached on error, E5 (Groundball, 25, EV 85.6 MPH)
|
Batting: RHB Norinaga Yamakawakamatsu
|
0-0: Foul Ball, location: 2F 0-1: Foul Ball, location: 2F 0-2: Ball 1-2: Ball 2-2: Strikes out swinging
|
Bottom of the 6th over - 0 runs, 0 hits, 1 error, 1 left on base; Houston 2 - Calgary 1 |
TOP OF THE 7TH |
Houston Colt .45's batting - Pitching for Calgary Flames : RHP Bruce Boivin
|
Batting: RHB Fernando Acosta
|
0-0: Called Strike 0-1: Ground out 1-3 (Groundball, 13S, EV 70.0 MPH)
|
Batting: LHB Bob Neale
|
0-0: Called Strike 0-1: Called Strike 0-2: Ball 1-2: Foul Ball, location: 2F 1-2: Fly out, F8 (Flyball, 8LD, EV 94.4 MPH)
|
Batting: LHB Casper Significant
|
0-0: Fly out, F8 (Flyball, 8RD, EV 100.6 MPH)
|
Top of the 7th over - 0 runs, 0 hits, 0 errors, 0 left on base; Houston 2 - Calgary 1 |
BOTTOM OF THE 7TH |
Calgary Flames batting - Pitching for Houston Colt .45's : LHP Manny Gonzales
|
Batting: RHB Alejandro Patron
|
0-0: Foul Ball, location: 2F 0-1: Ball 1-1: Ball 2-1: Ball 3-1: Foul Ball, location: 2F 3-2: Strikes out looking
|
Pitching: LHP Jordan Garcia
|
|
Batting: RHB Willie Torres
|
0-0: Called Strike 0-1: Swinging Strike 0-2: Fly out, F8 (Line Drive, 8RD, EV 96.9 MPH)
|
Batting: LHB Gary Corrales
|
0-0: Ball 1-0: Foul Ball, location: 2F 1-1: Ball 2-1: Ball 3-1: Called Strike 3-2: Ground out 4-3 (Groundball, 4, EV 88.1 MPH)
|
Bottom of the 7th over - 0 runs, 0 hits, 0 errors, 0 left on base; Houston 2 - Calgary 1 |
TOP OF THE 8TH |
Houston Colt .45's batting - Pitching for Calgary Flames : RHP Bruce Boivin
|
Batting: RHB Kenny Beall
|
0-0: Fly out, F7 (Flyball, 78M, EV 87.5 MPH)
|
Batting: LHB Bert Middleton
|
0-0: Called Strike 0-1: Ball 1-1: Ground out 3-1 (Groundball, 34S, EV 87.5 MPH)
|
Batting: RHB To-wai Chen
|
0-0: Called Strike 0-1: Ball 1-1: SINGLE (Groundball, 56S, EV 68.8 MPH) (infield hit)
|
Batting: RHB Josh Reisner
|
0-0: Fly out, F9 (Flyball, 89S, EV 88.1 MPH)
|
Top of the 8th over - 0 runs, 1 hit, 0 errors, 1 left on base; Houston 2 - Calgary 1 |
BOTTOM OF THE 8TH |
Calgary Flames batting - Pitching for Houston Colt .45's : LHP Jordan Garcia
|
Batting: RHB Chad Stady
|
0-0: Ball 1-0: Foul Ball, location: 2F 1-1: Fly out, F9 (Flyball, 9, EV 81.2 MPH)
|
Pinch Hitting: RHB Andy Thomas
|
0-0: Called Strike 0-1: Foul Ball, location: 2F 0-2: Ball 1-2: Foul Ball, location: 2F 1-2: Ball 2-2: Ball 3-2: Foul Ball, location: 2F 3-2: SINGLE (Groundball, 34D, EV 96.9 MPH)
|
Batting: RHB Pablo Henriquez
|
0-0: Called Strike 0-1: Foul Ball, location: 2F 0-2: Ball 1-2: Foul Ball, location: 2F 1-2: Ball 2-2: Foul Ball, location: 2F 2-2: Ball 3-2: Strikes out looking
|
Pitching: LHP Kimmo-Mikka Koistinen
|
|
Batting: LHB Garrett Dodge
|
0-0: Fielders Choice at 2nd, 6-4 (Groundball, 6, EV 94.4 MPH)
|
Bottom of the 8th over - 0 runs, 1 hit, 0 errors, 1 left on base; Houston 2 - Calgary 1 |
TOP OF THE 9TH |
Houston Colt .45's batting - Pitching for Calgary Flames : RHP Bruce Boivin
|
Now at SS: Peter Frankel
|
|
Now in CF: Andre Thompson
|
|
Pinch Hitting: SHB Terciero Ortiz
|
0-0: Called Strike 0-1: Ball 1-1: Swinging Strike 1-2: Strikes out swinging
|
Batting: RHB Jamie Walker
|
0-0: Foul Ball, location: 2F 0-1: Foul Ball, location: 2F 0-2: Strikes out swinging
|
Batting: RHB Fernando Acosta
|
0-0: Called Strike 0-1: Called Strike 0-2: Foul Ball, location: 2F 0-2: Foul Ball, location: 2F 0-2: Ground out 6-3 (Groundball, 6, EV 83.1 MPH)
|
Top of the 9th over - 0 runs, 0 hits, 0 errors, 0 left on base; Houston 2 - Calgary 1 |
BOTTOM OF THE 9TH |
Calgary Flames batting - Pitching for Houston Colt .45's : LHP Kimmo-Mikka Koistinen
|
Pitching: LHP Manny Muniz
|
|
Now at 2B: Terciero Ortiz
|
|
Batting: RHB Andre Thompson
|
0-0: Ground out 6-3 (Groundball, 4M, EV 85.0 MPH)
|
Batting: RHB Norinaga Yamakawakamatsu
|
0-0: Ball 1-0: Ball 2-0: Called Strike 2-1: Ball 3-1: Foul Ball, location: 2F 3-2: Foul Ball, location: 2F 3-2: Base on Balls
|
Batting: RHB Alejandro Patron
|
0-0: 2-RUN HOME RUN (Flyball, 89XD, EV 109.4 MPH), Distance : 433 ft
|
Bottom of the 9th over - 2 runs, 1 hit, 0 errors, 0 left on base; Houston 2 - Calgary 3 |
|